ITL
INDIANA HOUNDS @ HAVANA ROLLERS
09/06/2028
 
TOP OF THE 1ST
Indiana Hounds batting - Pitching for Havana Rollers : RHP Ron Bartlett
Pitching: RHP Ron Bartlett
Batting: RHB Javier Martínez 0-0: Called Strike
0-1: Foul Ball, location: 2F
0-2: Ball
1-2: Ball
2-2: Foul Ball, location: 2F
2-2: Foul Ball, location: 2F
2-2: SINGLE (Groundball, 34D)
Batting: RHB Enrico Bonizo 0-0: SINGLE (Groundball, 5D)
Javier Martínez to second
Batting: RHB Bob Lazzeri 0-0: Reached on error, E1 (Groundball, 13)
Javier Martínez to third
Enrico Bonizo to second
Batting: LHB Larry Smith 0-0: Ball
1-0: Ball
2-0: Fielders Choice at 3rd, U5 (Groundball, 5L)
Javier Martínez scores
Bob Lazzeri to second
Batting: LHB Tommy Evans 0-0: Called Strike
0-1: Ball
1-1: Ball
2-1: Reached on error, E8 (Flyball, 8LD)
Bob Lazzeri scores
Larry Smith to third
Batting: LHB Junior Coates 0-0: Called Strike
0-1: Called Strike
0-2: 3-RUN HOME RUN (Flyball, 78XD), Distance : 425 ft
Batting: RHB Juan Jose Guevana 0-0: Ball
1-0: Fly out, F8 (Flyball, 8LD)
Batting: LHB John Cotton 0-0: Called Strike
0-1: Called Strike
0-2: Ball
1-2: SINGLE (Line Drive, 5L)
Batting: RHB Francisco Tañón 0-0: Called Strike
John Cotton steals 2nd base
0-1: Foul Ball, location: 2F
0-2: Ball
1-2: Foul Ball, location: 2F
1-2: Foul Ball, location: 2F
1-2: Ball
2-2: Fly out, F9 (Flyball, 9D)
Top of the 1st over - 5 run(s), 4 hit(s), 2 error(s), 1 left on base; Indiana 5 - Havana 0
BOTTOM OF THE 1ST
Havana Rollers batting - Pitching for Indiana Hounds : LHP Jeff Sandusky
Pitching: LHP Jeff Sandusky
Batting: LHB Rafael Delgado 0-0: Called Strike
0-1: Ball
1-1: Ball
2-1: SINGLE (Line Drive, 4D)
Batting: RHB Francisco Rincón 0-0: Ball
1-0: Ball
2-0: Called Strike
2-1: Foul Ball, location: 2F
2-2: Strikes out swinging
Batting: RHB Paul Bailey 0-0: Ball
Rafael Delgado steals 2nd base
1-0: SINGLE (Flyball, 8LS)
Rafael Delgado to third
Runner from 3rd tries for Home, SAFE, no throw
Batting: RHB Soshu Nakamura 0-0: Grounds into double play, 6-4-3 (Groundball, 6)
Bottom of the 1st over - 1 run(s), 2 hit(s), 0 error(s), 0 left on base; Indiana 5 - Havana 1
TOP OF THE 2ND
Indiana Hounds batting - Pitching for Havana Rollers : RHP Ron Bartlett
Batting: RHB Javier Martínez 0-0: Called Strike
0-1: Called Strike
0-2: Ball
1-2: Ball
2-2: Foul Ball, location: 2F
2-2: Strikes out swinging
Batting: RHB Enrico Bonizo 0-0: SINGLE (Line Drive, 7LS)
Batting: RHB Bob Lazzeri 0-0: Ball
1-0: Foul Ball, location: 2F
1-1: Ball
2-1: Ground out 6-3 (Groundball, 6S)
Enrico Bonizo to second
Batting: LHB Larry Smith 0-0: Called Strike
0-1: Swinging Strike
0-2: Strikes out swinging
Top of the 2nd over - 0 run(s), 1 hit(s), 0 error(s), 1 left on base; Indiana 5 - Havana 1
BOTTOM OF THE 2ND
Havana Rollers batting - Pitching for Indiana Hounds : LHP Jeff Sandusky
Batting: SHB Pepe Piña 0-0: Ball
1-0: Swinging Strike
1-1: Fly out, F9 (Flyball, 9LS)
Batting: LHB Enrique Cortéz 0-0: Ball
1-0: Ball
2-0: Ball
3-0: Base on Balls
Batting: RHB Luis Aguilar 0-0: Foul Ball, location: 2F
0-1: Called Strike
0-2: Ball
1-2: SINGLE (Line Drive, 56D)
Enrique Cortéz to second
Batting: SHB Yasuhiro Ikarashi 0-0: Fly out, F8 (Flyball, 8LM)
Batting: RHB Chad Case 0-0: Called Strike
0-1: Swinging Strike
0-2: Strikes out swinging
Bottom of the 2nd over - 0 run(s), 1 hit(s), 0 error(s), 2 left on base; Indiana 5 - Havana 1
TOP OF THE 3RD
Indiana Hounds batting - Pitching for Havana Rollers : RHP Ron Bartlett
Batting: LHB Tommy Evans 0-0: Fly out, F9 (Flyball, 9LSF)
Batting: LHB Junior Coates 0-0: Called Strike
0-1: Ball
1-1: Ball
2-1: SOLO HOME RUN (Flyball, 78XD), Distance : 411 ft
Batting: RHB Juan Jose Guevana 0-0: Ball
1-0: Foul Ball, location: 2F
1-1: Ball
2-1: Foul Ball, location: 2F
2-2: Foul Ball, location: 2F
2-2: Foul Ball, location: 2F
2-2: Foul Ball, location: 2F
2-2: Strikes out swinging
Batting: LHB John Cotton 0-0: Foul Ball, location: 2F
0-1: Swinging Strike
0-2: Ball
1-2: Fly out, F9 (Flyball, 9LM)
Top of the 3rd over - 1 run(s), 1 hit(s), 0 error(s), 0 left on base; Indiana 6 - Havana 1
BOTTOM OF THE 3RD
Havana Rollers batting - Pitching for Indiana Hounds : LHP Jeff Sandusky
Batting: LHB Rafael Delgado 0-0: Called Strike
0-1: Ball
1-1: Ball
2-1: Swinging Strike
2-2: Foul Ball, location: 2F
2-2: Foul Ball, location: 2F
2-2: Foul Ball, location: 2F
2-2: Strikes out swinging
Batting: RHB Francisco Rincón 0-0: Foul Ball, location: 2F
0-1: Ball
1-1: Called Strike
1-2: Strikes out swinging
Batting: RHB Paul Bailey 0-0: SINGLE (Flyball, 8LS)
Batting: RHB Soshu Nakamura 0-0: Called Strike
0-1: Ground out U3 (Groundball, 3S)
Bottom of the 3rd over - 0 run(s), 1 hit(s), 0 error(s), 1 left on base; Indiana 6 - Havana 1
TOP OF THE 4TH
Indiana Hounds batting - Pitching for Havana Rollers : RHP Ron Bartlett
Pitching: RHP José Ramírez
Batting: RHB Francisco Tañón 0-0: Ball
1-0: Ball
2-0: Ball
3-0: Base on Balls
Batting: RHB Javier Martínez 0-0: Foul Ball, location: 2F
0-1: Called Strike
0-2: Strikes out swinging
Batting: RHB Enrico Bonizo 0-0: Ball
1-0: Swinging Strike
1-1: Called Strike
1-2: Foul Ball, location: 2F
1-2: Foul Ball, location: 2F
1-2: Strikes out swinging
Batting: RHB Bob Lazzeri 0-0: Called Strike
0-1: Ball
1-1: Ball
2-1: Ball
3-1: Fly out, F5 (Line Drive, 5)
Top of the 4th over - 0 run(s), 0 hit(s), 0 error(s), 1 left on base; Indiana 6 - Havana 1
BOTTOM OF THE 4TH
Havana Rollers batting - Pitching for Indiana Hounds : LHP Jeff Sandusky
Batting: SHB Pepe Piña 0-0: Foul Ball, location: 2F
0-1: Ball
1-1: Called Strike
1-2: Fly out, F9 (Flyball, 89M)
Batting: LHB Enrique Cortéz 0-0: Ball
1-0: Ball
2-0: Called Strike
2-1: Swinging Strike
2-2: DOUBLE (Line Drive, 8LXD)
Batting: RHB Luis Aguilar 0-0: Ball
1-0: Ball
2-0: Foul Ball, location: 2F
2-1: Foul Ball, location: 2F
2-2: Strikes out swinging
Batting: SHB Yasuhiro Ikarashi 0-0: Called Strike
0-1: SINGLE (Line Drive, 6MD)
Enrique Cortéz to third
Runner from 3rd tries for Home, SAFE, throw made home
Yasuhiro Ikarashi to second
Batting: RHB Chad Case 0-0: Called Strike
0-1: Ball
1-1: Ball
2-1: Ground out 4-3 (Groundball, 4)
Bottom of the 4th over - 1 run(s), 2 hit(s), 0 error(s), 1 left on base; Indiana 6 - Havana 2
TOP OF THE 5TH
Indiana Hounds batting - Pitching for Havana Rollers : RHP José Ramírez
Batting: LHB Larry Smith 0-0: Swinging Strike
0-1: Ball
1-1: Called Strike
1-2: Strikes out swinging
Batting: LHB Tommy Evans 0-0: Ball
1-0: Ball
2-0: Fly out, F9 (Line Drive, 9)
Batting: LHB Junior Coates 0-0: Ball
1-0: Called Strike
1-1: Called Strike
1-2: Foul Ball, location: 2F
1-2: Foul Ball, location: 2F
1-2: Ball
2-2: Strikes out swinging
Top of the 5th over - 0 run(s), 0 hit(s), 0 error(s), 0 left on base; Indiana 6 - Havana 2
BOTTOM OF THE 5TH
Havana Rollers batting - Pitching for Indiana Hounds : LHP Jeff Sandusky
Batting: LHB Rafael Delgado 0-0: Called Strike
0-1: Swinging Strike
0-2: Strikes out swinging
Batting: RHB Francisco Rincón 0-0: Ball
1-0: Ball
2-0: Swinging Strike
2-1: Ball
3-1: Called Strike
3-2: SINGLE (Flyball, 89M)
Batting: RHB Paul Bailey 0-0: Ball
1-0: Foul Ball, location: 2F
1-1: SINGLE (Line Drive, 7S)
Francisco Rincón to second
Batting: RHB Soshu Nakamura 0-0: Called Strike
0-1: Grounds into double play, 4-6-3 (Groundball, 4M)
Bottom of the 5th over - 0 run(s), 2 hit(s), 0 error(s), 1 left on base; Indiana 6 - Havana 2
TOP OF THE 6TH
Indiana Hounds batting - Pitching for Havana Rollers : RHP José Ramírez
Batting: RHB Juan Jose Guevana 0-0: Called Strike
0-1: Ball
1-1: Swinging Strike
1-2: Ball
2-2: Strikes out swinging
Batting: LHB John Cotton 0-0: Ball
1-0: Called Strike
1-1: Swinging Strike
1-2: Strikes out looking
Batting: RHB Francisco Tañón 0-0: Swinging Strike
0-1: Foul Ball, location: 2F
0-2: Strikes out swinging
Top of the 6th over - 0 run(s), 0 hit(s), 0 error(s), 0 left on base; Indiana 6 - Havana 2
BOTTOM OF THE 6TH
Havana Rollers batting - Pitching for Indiana Hounds : LHP Jeff Sandusky
Batting: SHB Pepe Piña 0-0: Ball
1-0: Called Strike
1-1: Called Strike
1-2: Strikes out swinging
Batting: LHB Enrique Cortéz 0-0: Ball
1-0: Called Strike
1-1: Ball
2-1: Ball
3-1: Called Strike
3-2: SINGLE (Groundball, 34D)
Batting: RHB Luis Aguilar 0-0: Fly out, F3 (Line Drive, 3)
Lined into DP, U3 (Line Drive, 3)
Bottom of the 6th over - 0 run(s), 1 hit(s), 0 error(s), 0 left on base; Indiana 6 - Havana 2
TOP OF THE 7TH
Indiana Hounds batting - Pitching for Havana Rollers : RHP José Ramírez
Pitching: RHP Kei Hashimoto
Batting: RHB Javier Martínez 0-0: Called Strike
0-1: Ground out 5-3 (Groundball, 5L)
Batting: RHB Enrico Bonizo 0-0: Ball
1-0: Ground out 5-3 (Groundball, 5)
Batting: RHB Bob Lazzeri 0-0: DOUBLE (Flyball, 89XD)
Batting: LHB Larry Smith 0-0: Ball
1-0: Ball
2-0: Foul Ball, location: 2F
2-1: Foul Ball, location: 2F
2-2: Foul Ball, location: 2F
2-2: Strikes out swinging
Top of the 7th over - 0 run(s), 1 hit(s), 0 error(s), 1 left on base; Indiana 6 - Havana 2
BOTTOM OF THE 7TH
Havana Rollers batting - Pitching for Indiana Hounds : LHP Jeff Sandusky
Batting: SHB Yasuhiro Ikarashi 0-0: Called Strike
0-1: SINGLE (Line Drive, 78S)
Batting: RHB Chad Case 0-0: Swinging Strike
0-1: Ball
1-1: Ball
2-1: Ball
3-1: Fly out, F8 (Flyball, 8LD)
Batting: LHB Rafael Delgado 0-0: Grounds into double play, 5-4-3 (Groundball, 56)
Bottom of the 7th over - 0 run(s), 1 hit(s), 0 error(s), 0 left on base; Indiana 6 - Havana 2
TOP OF THE 8TH
Indiana Hounds batting - Pitching for Havana Rollers : RHP Kei Hashimoto
Batting: LHB Tommy Evans 0-0: Foul Ball, location: 2F
0-1: Ball
1-1: Ball
2-1: Ground out 6-3 (Groundball, 6)
Batting: LHB Junior Coates 0-0: Ball
1-0: Ball
2-0: Swinging Strike
2-1: Ball
3-1: Base on Balls
Batting: RHB Juan Jose Guevana 0-0: Fly out, F9 (Flyball, 9)
Batting: LHB John Cotton 0-0: SINGLE (Groundball, 34D)
Junior Coates to second
Runner from 2nd tries for 3rd, SAFE, throw made to third
Pinch Runner at 3rd Charles Alexander:
Batting: RHB Francisco Tañón 0-0: Ball
1-0: Ball
2-0: Ball
3-0: Called Strike
3-1: Called Strike
3-2: Strikes out looking
Top of the 8th over - 0 run(s), 1 hit(s), 0 error(s), 2 left on base; Indiana 6 - Havana 2
BOTTOM OF THE 8TH
Havana Rollers batting - Pitching for Indiana Hounds : LHP Jeff Sandusky
Now at 1B: Charles Alexander
Batting: RHB Francisco Rincón 0-0: Ground out U3 (Groundball, 34)
Batting: RHB Paul Bailey 0-0: SINGLE (Line Drive, 6MD)
Batting: RHB Soshu Nakamura 0-0: Ball
1-0: Fly out, F8 (Flyball, 8RS)
Batting: SHB Pepe Piña 0-0: Called Strike
0-1: Fielders Choice at 2nd, 6-4 (Groundball, 6)
Bottom of the 8th over - 0 run(s), 1 hit(s), 0 error(s), 0 left on base; Indiana 6 - Havana 2
TOP OF THE 9TH
Indiana Hounds batting - Pitching for Havana Rollers : RHP Kei Hashimoto
Batting: RHB Javier Martínez 0-0: Called Strike
0-1: Fly out, F8 (Flyball, 8LD)
Batting: RHB Enrico Bonizo 0-0: Swinging Strike
0-1: Ball
1-1: Swinging Strike
1-2: Ball
2-2: Strikes out swinging
Batting: RHB Bob Lazzeri 0-0: Ball
1-0: Foul Ball, location: 2F
1-1: Ball
2-1: Swinging Strike
2-2: Ground out 6-3 (Groundball, 6)
Top of the 9th over - 0 run(s), 0 hit(s), 0 error(s), 0 left on base; Indiana 6 - Havana 2
BOTTOM OF THE 9TH
Havana Rollers batting - Pitching for Indiana Hounds : LHP Jeff Sandusky
Pitching: LHP Edwin King
Batting: LHB Enrique Cortéz 0-0: Called Strike
0-1: Called Strike
0-2: Fly out, F9 (Flyball, 89S)
Batting: RHB Luis Aguilar 0-0: Called Strike
0-1: Ball
1-1: Ball
2-1: Fly out, F7 (Flyball, 78M)
Batting: SHB Yasuhiro Ikarashi 0-0: Ball
1-0: Ball
2-0: Foul Ball, location: 2F
2-1: Ball
3-1: Fly out, F9 (Flyball, 9S)
Bottom of the 9th over - 0 run(s), 0 hit(s), 0 error(s), 0 left on base; Indiana 6 - Havana 2
Tuesday, August 8th, 2017 - OOTP Baseball 17.12 Build 75